 Dungeon Crawl Stone Soup version 0.27.1-15-g792fb953b9 (webtiles) character file.

Game seed: 13877199384087820654

1277 belegose the Ducker (level 8, -2/58 HPs)
             Began as a Djinni Fire Elementalist on Nov 20, 2021.
             Was a Follower of Makhleb.
             Slain by a phantom (7 damage)
             ... on level 5 of the Dungeon.
             The game lasted 00:24:06 (7694 turns).

belegose the Ducker (Djinni Fire Elementalist)      Turns: 7694, Time: 00:24:07

Health: -2/58      AC:  3    Str:  6 (9)  XL:     8   Next: 84%
Gold:   201        EV: 12    Int: 15 (18) God:    Makhleb [*.....] SH:  0 Dex: 10 (13)

rFire    + + +     SeeInvis .   i - +2 trident (vamp)
rCold    . . .     Faith    .   (no shield)
rNeg     . . .     Spirit   .   h - +0 leather armour
rPois    ∞         Reflect  .   (no helmet)
rElec    +         Harm     .   (no cloak)
rCorr    +         Rampage  .   (no gloves)
Will     .....                  (boots unavailable)
Stlth    ++........             (no amulet)
HPRegen  0.19/turn              (no ring)
MPRegen  0.00/turn              (no ring)

@: resistant, flying
A: sickness immunity, fire resistance 2, cold vulnerability 1, float, innate
caster, hp casting, extra vitality 1
a: Renounce Religion


You were on level 5 of the Dungeon.
You worshipped Makhleb.
Makhleb was aware of your devotion.
You visited 2 branches of the dungeon, and saw 7 of its levels.

You collected 201 gold pieces.

Inventory:

Hand Weapons
 i - a +2 vampiric trident (weapon)
 m - a +0 trident of freezing
Missiles
 a - 7 boomerangs
 b - 16 poisoned darts (quivered)
 f - 115 stones
Armour
 h - a +0 leather armour (worn)
 n - a +0 kite shield
Magical Staves
 l - a staff of air
Scrolls
 c - 7 scrolls of identify {unknown}
 d - a scroll of summoning {unknown}
 e - a scroll of immolation {unknown}
 g - a scroll of amnesia {unknown}
 j - a scroll of blinking {unknown}
 k - 4 scrolls of fog {unknown}
 r - a scroll of vulnerability {unknown}
 s - a scroll of enchant armour {unknown}
Potions
 o - a potion of brilliance
 t - a potion of flight {unknown}


   Skills:
 + Level 4.3 Fighting
 + Level 5.4 Dodging
 + Level 4.4 Stealth
 + Level 4.2 Spellcasting
 + Level 3.7 Invocations


You couldn't memorise any spells.
You knew the following spells:

 Your Spells              Type           Power      Damage    Failure   Level
a - Foxfire               Conj/Fire      60%        2x1d7     4%          1
b - Conjure Flame         Conj/Fire      15%        6-21      14%         3
c - Inner Flame           Hex/Fire       15%        N/A       14%         3
d - Sticky Flame          Conj/Fire      15%        2d4       43%         4
e - Fireball              Conj/Fire      7%         3d5       80%         5
f - Apportation           Tloc           30%        N/A       4%          1
g - Static Discharge      Conj/Air       15%        N/A       8%          2
h - Frozen Ramparts       Ice            30%        1d5       14%         3
Your spell library was empty.

Dungeon Overview and Level Annotations

Branches:
Dungeon (6/15)             Temple (1/1) D:4

Altars:
Makhleb
Nemelex Xobeh
Ru
Vehumet

Shops:
D:2 [!(*

Annotations:
D:4 1 runed translucent door, exclusion: door, Crazy Yiuf


Innate Abilities, Weirdness & Mutations

You are immune to sickness and miasma.
You are immune to poison.
Your flesh is very heat resistant. (rF++)
You are vulnerable to cold. (rC-)
You float through the air rather than walking.
You learn spells naturally, not from books.
Your magical power is your life essence.
You have superior vitality. (+4 HP)


Message History

You are struck by an arc of lightning.
The lightning grounds out.
The phantom hits you.
Unknown command.
Unknown command.
Casting: Static Discharge (safe; 5% risk of failure)
Confirm with . or Enter, or press ? or * to list all spells.
The phantom is struck by an arc of lightning!
The phantom is severely damaged.
You are struck by an arc of lightning.
The lightning grounds out.
The phantom hits you.
* * * LOW HITPOINT WARNING * * *
The phantom blinks!
You blink.
Unknown command.
Okay, then.
Okay, then.
Found a bubbling green potion.
The phantom hits you!
* * * LOW HITPOINT WARNING * * *
Found a book of Spectacle.
There is a stone staircase leading up here.
The phantom hits you.
* * * LOW HITPOINT WARNING * * *
The phantom blinks!
You blink.
You stop ascending the stairs.
There is a stone staircase leading up here.
The phantom hits you.
* * * LOW HITPOINT WARNING * * *
You fly upwards.
There is a stone staircase leading down here.
Unknown command.
Casting: Static Discharge (safe; 5% risk of failure)
Confirm with . or Enter, or press ? or * to list all spells.
Okay, then.
It was a potion of resistance.
You feel protected. The phantom hits you.
* * * LOW HITPOINT WARNING * * *
It was a potion of degeneration.
There was something very wrong with that liquid.
You feel weakened.
You feel dopey.
You feel clumsy. The phantom hits you!
You die...

........# #..#.# #.)####.###.
........######[#.#####..##.....#.
##########...................#.#.
#...........#.....###.#.
#...........#.......#.#.
#...........#######...#.
#.).........#...........
#...........#.#####.....
#.....W@....#.# ######
#...........#.# #...........#.##
#...........'..# #...........####
#############


You could see a phantom.

Vanquished Creatures
  A water moccasin (D:5)
  A black bear (Temple)
  A necrophage (D:4)
  An ogre (D:5)
  A phantom (D:5)
  A kobold brigand (D:5)
  2 scorpions (D:5)
  A water moccasin skeleton (D:5)
  2 vampire bats (D:5)
  A hound (Temple)
  A centaur zombie (D:4)
  An orc priest (D:5)
  A jelly (D:4)
  4 iguanas
  2 orc wizards (D:4)
  8 gnolls
  4 adders
  2 ufetubi
  2 worms (D:2)
  4 dart slugs
  14 orcs
  11 endoplasms
  4 giant cockroaches
  6 goblins
  4 hobgoblins
  4 quokkas
  5 ball pythons
  11 bats
  5 frilled lizards
  18 kobolds
  3 rats
126 creatures vanquished.

Vanquished Creatures (others)
  A kobold (D:4)
  337 foxfires
  2 plants (D:2)
340 creatures vanquished.

Grand Total: 466 creatures vanquished

Notes
Turn   | Place    | Note
-------+----------+-------------------------------------------
     0 | D:1      | belegose the Djinni Fire Elementalist began the quest for
                  | the Orb.
     0 | D:1      | Reached XP level 1. HP: 15/15 MP: 0/0
    92 | D:1      | Reached XP level 2. HP: 8/22 MP: 0/0
   453 | D:1      | Found a faded altar of an unknown god.
   612 | D:1      | Reached skill level 1 in Fighting
   650 | D:1      | Reached XP level 3. HP: 27/27 MP: 0/0
   650 | D:1      | Learned a level 1 spell: Apportation
  1498 | D:2      | Found Liemyat's Armour Emporium.
  1498 | D:2      | Found Heteuzal's Distillery.
  1790 | D:2      | Reached XP level 4. HP: 30/32 MP: 0/0
  1792 | D:2      | Reached skill level 3 in Dodging
  2116 | D:2      | Found Veiphiq's Weapon Boutique.
  2396 | D:2      | Found Vuatum's Assorted Antiques.
  2661 | D:3      | Reached XP level 5. HP: 6/38 MP: 0/0
  2661 | D:3      | Learned a level 2 spell: Static Discharge
  2977 | D:3      | Found a burning altar of Makhleb.
  2982 | D:3      | Became a worshipper of Makhleb the Destroyer
  4034 | D:4      | Reached skill level 1 in Invocations
  4034 | D:4      | Reached XP level 6. HP: 24/45 MP: 0/0
  4200 | D:4      | Noticed a necrophage
  4211 | D:4      | Killed a necrophage
  4211 | D:4      | Reached * piety under Makhleb
  4497 | D:4      | Found a sparkling altar of Nemelex Xobeh.
  4557 | D:4      | Found a staircase to the Ecumenical Temple.
  4557 | D:4      | Noticed a black bear
  4602 | Temple   | Entered the Ecumenical Temple
  4685 | Temple   | Killed a black bear
  4686 | Temple   | Reached skill level 4 in Dodging
  4686 | Temple   | Reached XP level 7. HP: 49/50 MP: 0/0
  4686 | Temple   | Learned a level 3 spell: Frozen Ramparts
  5370 | D:4      | Found a runed translucent door.
  5371 | D:4      | Noticed Crazy Yiuf
  5831 | D:5      | Entered Level 5 of the Dungeon
  6415 | D:5      | Reached XP level 8. HP: 56/58 MP: 0/0
  6563 | D:5      | Reached skill level 5 in Dodging
  7694 | D:5      | Slain by a phantom

Illustrated notes

Levels and vault maps discovered:
D:1:      scummos_arrival_simple_fountains, layout_basic,
          dreamdust_ecumenical_altar_grove, minmay_tetromino_o2
D:2:      layout_loops_ring, serial_shops, nicolae_shop_overgrown_old_shop,
          shop, nicolae_square_shop, shop, supply_closet_lemuel
D:3:      layout_rooms, nicolae_vehumet_radiance, lightli_temple_of_fire,
          moated_statue, serial_park_tiny_pond
D:4:      layout_rooms, nemelex_xobeh_ov_fountains_minmay,
          minmay_temple_entry_offerings, uniq_crazy_yiuf_cottage
D:5:      layout_basic, roderic_batcave
D:6:      layout_loops_ring, mainiacjoe_overflow_paths, uniq_eustachio
Temple:   regret_index_temple_waves

Skill      XL: |  1  2  3  4  5  6  7  8 |
---------------+-------------------------+-----
Fighting       | 1 2 3 4 |  4.3
Stealth        | 2 3 4 |  4.4
Dodging        | 3 4 5 |  5.4
Spellcasting   | 3 4 |  4.2
Invocations    | 1 2 3 |  3.7

Action                   |  1- 3 |  4- 6 |  7- 9 || total
-------------------------+-------+-------+-------++-------
Melee: Trident           |    22 |    91 |    85 ||   198
       Short sword       |     2 |       |       ||     2
Throw: Dart              |       |       |     1 ||     1
 Cast: Foxfire           |    42 |    82 |    65 ||   189
       Frozen Ramparts   |       |       |    11 ||    11
       Static Discharge  |       |       |     3 ||     3
  Use: Potion            |       |     2 |     2 ||     4
 Stab: Sleeping          |     3 |     2 |     2 ||     7
Armor: Leather armour    |     8 |    33 |    37 ||    78
Dodge: Dodged            |    25 |    89 |   112 ||   226
